[Event "SixDays Budapest May IM 2023"]
[Site "Budapest"]
[Date "2023.05.27"]
[Round "1.1"]
[White "Semprun Martinez, Fernando"]
[Black "Horvath, David"]
[Result "1/2-1/2"]
[Annotator "TA"]
[ECO "C11"]
[WhiteElo "2125"]
[BlackElo "2362"]
[PlyCount "42"]
[EventDate "2023.05.25"]
[EventType "tourn"]
[EventCountry "HUN"]
[SourceTitle "playchess.com"]
[Source "ChessBase"]
[SourceQuality "1"]
[TimeControl "5400+30"]

1. e4 e6 2. d4 d5 3. Nc3 Nf6 4. e5 Nfd7 5. f4 c5 6. Nf3 Nc6 7. Be3 Be7 8. Qd2 O-O {8...a6 is more advanced technology.} 9. dxc5 Bxc5 {C11: French: Classical System: 4 e5 and 4 Bg5 dxe4.} 10. O-O-O Qb6 11. Nd4 Nxd4 {The position is equal.} 12. Bxd4 Bxd4 13. Qxd4 Qxd4 14. Rxd4 a6 15. h4 b6 16. h5 h6 {[#]} 17. Rd2 $146 ({Predecessor:} 17. b3 Ra7 18. Kb2 Rc7 19. Rd2 Bb7 20. Bd3 Nc5 21. Ne2 b5 22. Nd4 Ne4 23. Bxe4 dxe4 {½-½ Kurnosov,I (2657)-Le,Q (2712) Wch Rapid Khanty-Mansiysk 2013 (6)}) 17... Ra7 18. Bd3 Rc7 19. Re1 Bb7 ({Black should try} 19... b5 $11) 20. Ne2 $14 Rfc8 21. Nd4 Nc5 {Weighted Error Value: White=0.07 (flawless) /Black=0.17 (very precise)} 1/2-1/2

[Event "SixDays Budapest May IM 2023"]
[Site "Budapest"]
[Date "2023.05.27"]
[Round "1.2"]
[White "Tancsa, Tamas"]
[Black "Nemeth, Zalan"]
[Result "1/2-1/2"]
[Annotator "TA"]
[ECO "B31"]
[WhiteElo "2188"]
[BlackElo "2289"]
[PlyCount "58"]
[EventDate "2023.05.25"]
[EventType "tourn"]
[EventCountry "HUN"]
[SourceTitle "playchess.com"]
[Source "ChessBase"]
[SourceQuality "1"]
[TimeControl "5400+30"]

1. e4 c5 2. Nf3 Nc6 3. Bb5 g6 4. O-O Bg7 5. Re1 e5 6. Bxc6 dxc6 7. d3 Ne7 8. Nbd2 Qc7 {[%emt 0:04:01] B31: Sicilian: 2...Nc6 3 Bb5 g6.} 9. Nc4 O-O 10. Be3 b6 {[%emt 0:00:05] White has an edge.} 11. Qd2 {[%emt 0:02:00] [#]} Bg4 $146 ({Predecessor:} 11... f6 12. Qc3 Be6 13. a3 Kh8 14. b4 cxb4 15. axb4 Ng8 16. Ra6 Bh6 17. Rea1 Bxe3 18. fxe3 {½-½ Chevallier,D (2260)-Hartereau,P (2170) Paris-ch op 1991 (2)}) 12. Nh4 Be6 13. Bh6 Bxc4 14. Bxg7 Kxg7 15. dxc4 Rad8 16. Qe2 Rd6 17. Rad1 Rfd8 18. Nf3 f6 19. Qf1 Kf7 20. Rxd6 Qxd6 21. Re3 Qd1 22. Qxd1 Rxd1+ 23. Re1 Rxe1+ 24. Nxe1 $11 {[%emt 0:00:09][%mdl 4096] Endgame KN-KN} Nc8 25. Nf3 Nd6 26. Nd2 f5 27. f3 Ne8 28. Kf2 f4 29. c3 Nd6 {[%emt 0:02:29] Weighted Error Value: White=0.05 (flawless) /Black=0.02 (flawless)} 1/2-1/2

[Event "SixDays Budapest May IM 2023"]
[Site "Budapest"]
[Date "2023.05.27"]
[Round "1.3"]
[White "To, Nhat Minh"]
[Black "Ojas Kulkarni"]
[Result "1/2-1/2"]
[Annotator "TA"]
[ECO "B40"]
[WhiteElo "2359"]
[BlackElo "2230"]
[PlyCount "31"]
[EventDate "2023.05.25"]
[EventType "tourn"]
[EventCountry "HUN"]
[SourceTitle "playchess.com"]
[Source "ChessBase"]
[SourceQuality "1"]
[TimeControl "5400+30"]

1. e4 c5 2. Nf3 e6 3. b3 d6 4. d4 cxd4 5. Nxd4 Nf6 6. Bd3 a6 7. O-O b6 {[%emt 0:04:00] B42: Sicilian: Kan Variation: 5 Bd3.} 8. Bb2 Bb7 9. Nd2 Nbd7 {[%emt 0:02:51] [#]   Weighted Error Value: White=0.12 (very precise) /Black=0.06 (flawless)} {Predecessor:} 10. Qe2 $146 e5 11. Nf5 g6 12. Ne3 Bh6 13. b4 O-O 14. c4 Re8 15. Nd5 Nh5 16. g3 {0-1 Schwabeneder,F (2451)-Markowski,T (2551) BL2-Ost 1819 2018 (2.1)} 1/2-1/2

[Event "SixDays Budapest May IM 2023"]
[Site "Budapest"]
[Date "2023.05.27"]
[Round "1.4"]
[White "Arvind Ramnath Iyer"]
[Black "Manu David Suthandram R"]
[Result "0-1"]
[Annotator "TA"]
[ECO "B32"]
[WhiteElo "1883"]
[BlackElo "2332"]
[PlyCount "62"]
[EventDate "2023.05.25"]
[EventType "tourn"]
[EventCountry "HUN"]
[SourceTitle "playchess.com"]
[Source "ChessBase"]
[SourceQuality "1"]
[TimeControl "5400+30"]

1. e4 c5 2. Nf3 Nc6 3. d4 cxd4 4. Nxd4 e5 5. Nb5 d6 6. c4 Nf6 7. N1c3 a6 8. Na3 Be7 9. Be2 Nd4 10. Nc2 Nxc2+ 11. Qxc2 O-O 12. O-O Be6 {[%emt 0:01:34] [#]} 13. Nd5 $146 {[%emt 0:12:12] B32: Sicilian: Löwenthal and Kalashnikov Variations.} (13. a4 $16) ({Predecessor:} 13. Qd3 Rc8 14. b3 Ne8 15. Nd5 Nf6 16. Nxe7+ Qxe7 17. a4 Nd7 18. a5 Nc5 19. Qe3 Qh4 20. Ba3 Qf4 21. Qxf4 exf4 {½-½ Van Foreest,L (2506)-Ikonnikov,V (2551) NED-chT 1819 2018 (8.2)}) 13... Rc8 14. Qd3 Nd7 15. Be3 {[%emt 0:04:56] White is slightly better.} Bg5 16. Rfd1 Bxd5 17. Bxg5 Qxg5 18. Qxd5 Rc6 19. Qd2 Qg6 (19... Qxd2 $11 20. Rxd2 Nc5) 20. Qe3 Nc5 21. b3 (21. b4 $5 Ne6 22. b5 $11) 21... Ne6 22. Qa7 Nd4 $1 (22... Qxe4 $2 23. Bf3 (23. Qxb7 $2 {is the wrong capture.} Nd8 $19) 23... Qc2 24. Bxc6 (24. Qxb7 Rcc8 $16) 24... bxc6 25. Rxd6 $18 (25. Qxa6 Nd4 $16)) 23. Rxd4 exd4 24. Qxb7 Rc5 (24... Qxe4 $2 25. Bf3 Qc2 26. Qxc6 $18) 25. Rd1 Re5 (25... f5 $5 26. Bd3 fxe4 27. Qxe4 Qxe4 28. Bxe4 Ra5 $11) 26. Rxd4 f5 27. f3 (27. Qxa6 $11 {remains equal.} fxe4 28. Rxd6) 27... Qg5 {[%emt 0:00:23] [#] ...Qe3+ would be deadly.} 28. Rxd6 $2 (28. Kf1 $17) 28... Qe3+ $2 (28... fxe4 29. Rd7 exf3 30. Rxg7+ Qxg7 31. Qxg7+ Kxg7 32. Bxf3 Rb8) 29. Kf1 $19 fxe4 30. Rd7 $2 (30. Qb6 {is the only way for White.} Qc1+ 31. Rd1) 30... Rg5 $2 (30... Qg5 $19 {Hoping for ...exf3.} 31. Rd5 Qc1+ 32. Rd1 Qc2) 31. h4 $2 {[%emt 0:01:38][%mdl 8192] [#]} (31. Qa7 $17 Qc1+ 32. Rd1) 31... Rxg2 $3 {[%emt 0:00:43][%mdl 576] Double Attack. An interesting game.   Weighted Error Value: White=0.85/Black=0.68} 0-1

[Event "SixDays Budapest May IM 2023"]
[Site "Budapest"]
[Date "2023.05.27"]
[Round "1.5"]
[White "Dudognon, Thibault"]
[Black "Szeberenyi, Adam"]
[Result "1-0"]
[Annotator "TA"]
[ECO "B12"]
[WhiteElo "2325"]
[BlackElo "2338"]
[PlyCount "97"]
[EventDate "2023.05.25"]
[EventType "tourn"]
[EventCountry "HUN"]
[SourceTitle "playchess.com"]
[Source "ChessBase"]
[SourceQuality "1"]
[TimeControl "5400+30"]

1. e4 c6 2. d4 d5 3. e5 c5 4. c4 Nc6 5. Nf3 cxd4 6. Nxd4 {[%emt 0:00:06] B12: Caro-Kann: Advance Variation.} e6 7. Nc3 {[%emt 0:00:19] next cxd5 is good for White.} Bc5 8. Nxc6 {[%emt 0:00:13] White has an edge.} bxc6 9. Qg4 Kf8 10. Bd3 $40 {[%emt 0:12:01][%mdl 128] White is up to no good.} h5 {[%emt 0:12:42] [#]} 11. Qe2 $146 ({Predecessor:} 11. Qf3 Bd4 12. Bg6 Qc7 13. Be3 Bxe3 14. fxe3 Rh6 15. Bxh5 g6 16. Bg4 Qxe5 17. Qf4 Qxf4 18. exf4 {1-0 Steiner,A (2266)-Mesaros,F (2393) AUT-chT 1516 2015 (4.1)}) 11... Qh4 12. h3 Rb8 13. g3 (13. O-O $5 ) 13... Qd8 14. O-O Qc7 (14... Bd4 $11 {remains equal.}) 15. Bf4 Ne7 16. cxd5 exd5 (16... Nxd5 $14 17. Nxd5 cxd5) 17. Na4 $1 $18 (17. e6 Bd6 18. Bxd6 Qxd6 $17) 17... g5 18. Bxg5 Bd4 19. Bf6 Rh6 {[%emt 0:11:41][%cal Bh8h6,Bh6e6,Be6b6][%mdl 32] [#]} 20. Kg2 $1 Ng8 (20... c5 $16) 21. Bg5 Re6 22. f4 {[%emt 0:01:34][%cal Oa1d1] Strongly threatening Rad1!} c5 23. Nc3 $2 (23. Qxh5 $6 Qa5 $14) ({Better is} 23. Rac1 $18) 23... Reb6 $11 24. Rab1 (24. Nxd5 $2 Qd7 25. f5 Rxb2 $19) 24... Qb7 (24... c4 $11 {keeps the balance.} 25. Bh7 Qd7) 25. Nd1 {[%emt 0:04:34] White is more active.} c4 {[%emt 0:00:14] [#]} 26. Bh7 (26. Bc2 $1 $16) 26... c3 $2 {[%emt 0:06:04] Loses the game.} ({Black should play} 26... f5 $1 $14 27. Bxg8 (27. Qxh5 Qf7 $14) 27... Kxg8) 27. bxc3 $18 (27. Qxh5 $6 cxb2 28. Nf2 f6 $16) (27. Nxc3 $2 Rxb2 28. Rxb2 Qxb2 $19) 27... Rxb1 28. Bxb1 Qxb1 29. cxd4 Bf5 30. Nf2 {[%emt 0:02:40] Wards off Bd3} (30. Qxh5 Qd3 31. Re1 (31. Nf2 $2 Rb2 $19) 31... Be4+ 32. Rxe4 dxe4 $11) 30... Qb2 31. Qxb2 ({Don't play} 31. Qxh5 Bd3 32. Re1 Be4+ 33. Kf1 Qxa2) 31... Rxb2 32. Kf3 Rxa2 33. g4 hxg4+ 34. hxg4 Ra3+ 35. Kg2 Bd3 (35... Bc2 $142 36. f5 f6) 36. Rc1 Bc4 37. Rb1 Rb3 {[%emt 0:00:17] Wards off Rb8+} 38. Ra1 a6 39. f5 Ne7 (39... Kg7 $142 40. Rh1 Be2) 40. Rh1 {[%emt 0:00:14] Hoping for Rh8+.} Ng8 41. f6 a5 42. Rh8 a4 43. Bh6+ {[%emt 0:00:23][%mdl 64] Deflection} Ke8 44. Rxg8+ Kd7 45. Rf8 a3 46. Rxf7+ {[%emt 0:00:05] White mates.} Kc6 47. Ra7 Kb6 {[%emt 0:00:05] [#]} 48. Rxa3 $3 Rxa3 49. f7 {[%emt 0:00:03] Weighted Error Value: White=0.15 (very precise) /Black=0.54} 1-0

[Event "SixDays Budapest May IM 2023"]
[Site "Budapest"]
[Date "2023.05.28"]
[Round "2.1"]
[White "Szeberenyi, Adam"]
[Black "Nemeth, Zalan"]
[Result "1-0"]
[Annotator "TA"]
[ECO "A32"]
[WhiteElo "2338"]
[BlackElo "2289"]
[PlyCount "39"]
[EventDate "2023.05.25"]
[EventType "tourn"]
[EventCountry "HUN"]
[SourceTitle "playchess.com"]
[Source "ChessBase"]
[SourceQuality "1"]
[TimeControl "5400+30"]

1. d4 Nf6 2. c4 c5 3. Nf3 cxd4 4. Nxd4 e6 5. Nc3 Bb4 6. Ndb5 d5 7. cxd5 Nxd5 {[%emt 0:12:14] A32: Symmetrical English: 2 Nf3 Nf6 3 d4 cxd4 4 Nxd4 e6.} (7... exd5 $11 8. Bg5 O-O) 8. e4 $14 Nxc3 9. bxc3 Bc5 {[%emt 0:10:13] White is slightly better.} 10. Bf4 $1 Na6 {[%emt 0:05:50] [#] Prevents Nc7+} ({Black should play} 10... Qxd1+ $1 $14 11. Rxd1 Na6) 11. Nd6+ $1 $16 {[%emt 0:01:05] [#]} Bxd6 $146 ({Predecessor:} 11... Ke7 12. Nc4 Qxd1+ 13. Rxd1 Nb8 14. Be2 Nc6 15. O-O f6 16. e5 b5 17. Bf3 bxc4 18. Bxc6 Ba6 19. Rd7+ Ke8 20. Rxa7+ {1-0 Beydullayeva,G (2307)-Duson,R (2032) EU-ch U18 Girls 2019 (7)}) 12. Bxd6 ({Don't play} 12. Qxd6 Qxd6 13. Bxd6 Bd7 $16) 12... Qa5 {[%emt 0:00:11] Black is weak on the dark squares} 13. Qd4 f6 14. Rb1 {[%emt 0:04:08] Hoping for e5.} Kf7 15. Bc4 {[%emt 0:08:20] 0-0 would be deadly. White has more active pieces. The black rooks are badly placed. This pair of bishops is nice.} Re8 (15... Nc7 $142 16. O-O Rd8) 16. O-O $18 {[%emt 0:05:50] e5 is the strong threat.} Kg8 17. Rfd1 (17. e5 $18) 17... Bd7 {[%emt 0:03:02][%mdl 8192] [#] Inhibits Bb5.} (17... Nb8 $16 18. Qe3 (18. Rb5 Qd8 $16) 18... Nc6) 18. Bb4 {[%emt 0:06:02] White is clearly winning.} ({Weaker is} 18. Rxb7 Bc6 $18) 18... Nxb4 19. Qxd7 Nc6 20. Rxb7 {[%emt 0:00:29] Weighted Error Value: White=0.14 (very precise) /Black=0.67} 1-0

[Event "SixDays Budapest May IM 2023"]
[Site "Budapest"]
[Date "2023.05.28"]
[Round "2.2"]
[White "Horvath, David"]
[Black "Tancsa, Tamas"]
[Result "1/2-1/2"]
[Annotator "TA"]
[ECO "A46"]
[WhiteElo "2362"]
[BlackElo "2188"]
[PlyCount "37"]
[EventDate "2023.05.25"]
[EventType "tourn"]
[EventCountry "HUN"]
[SourceTitle "playchess.com"]
[Source "ChessBase"]
[SourceQuality "1"]
[TimeControl "5400+30"]

1. d4 Nf6 2. Nf3 e6 3. Bf4 b6 4. e3 Bb7 5. Bd3 c5 6. h3 {[%emt 0:03:03] A47: 1 d4 Nf6 2 Nf3 b6: Torre, London and Colle Systems.} Nc6 7. c3 d6 8. O-O {[%emt 0:04:47] [#]} Qe7 $146 ({Predecessor:} 8... Be7 9. Nbd2 O-O 10. Qc2 Rc8 11. Qa4 a6 12. Rac1 b5 13. Qd1 h6 14. Be2 Re8 15. c4 bxc4 16. Nxc4 cxd4 17. Nxd4 Na5 {0-1 Kopterou,E-Makropoulou,M (2217) GRE-chT 42nd 2014 (7.5)}) 9. e4 e5 (9... Qd8 $14) 10. dxe5 ({White should play} 10. Be3 $16) 10... dxe5 $14 11. Be3 (11. Bh2 $5 ) 11... Qc7 12. Nbd2 Be7 13. Qe2 a6 (13... O-O $5) 14. a4 O-O 15. Rac1 Rfd8 16. Rfd1 Rd7 {[%emt 0:03:35] The position is equal.} 17. Nf1 Na5 18. N3d2 Rad8 19. Bxa6 {[%emt 0:02:46] Weighted Error Value: White=0.10 (very precise) /Black=0.11 (very precise)} 1/2-1/2

[Event "SixDays Budapest May IM 2023"]
[Site "Budapest"]
[Date "2023.05.28"]
[Round "2.3"]
[White "Manu David Suthandram R"]
[Black "Semprun Martinez, Fernando"]
[Result "0-1"]
[Annotator "TA"]
[ECO "C50"]
[WhiteElo "2332"]
[BlackElo "2125"]
[PlyCount "58"]
[EventDate "2023.05.25"]
[EventType "tourn"]
[EventCountry "HUN"]
[SourceTitle "playchess.com"]
[Source "ChessBase"]
[SourceQuality "1"]
[TimeControl "5400+30"]

1. e4 e5 2. Nf3 Nc6 3. Bc4 Bc5 4. O-O Nf6 5. d4 Bxd4 6. Nxd4 Nxd4 7. f4 d6 8. fxe5 dxe5 9. Bg5 Qe7 {[%emt 0:00:36] [#] aiming for ...Qc5.} 10. Na3 {[%emt 0:00:38] C50: Hungarian Defence and Giuoco Pianissimo.} Rg8 11. Kh1 Bd7 {[%emt 0:00:02] Prevents Nb5} 12. Qd2 {[%emt 0:08:23] Black is slightly better.} O-O-O (12... Nxe4 $2 13. Bxf7+ Qxf7 14. Rxf7 Kxf7 15. Rf1+ Kg6 16. Qd3 $18) 13. Qf2 Be6 {[%emt 0:00:02] [#]} 14. Bxe6+ $146 ({Predecessor:} 14. Rae1 a6 15. c3 Nc6 16. Qe2 Kb8 17. Rf2 Rd6 18. Bxe6 Rxe6 19. Ref1 h6 20. Bxf6 Rxf6 21. Rxf6 gxf6 {½-½ Oren,I (2229)-Cavajda,I (2470) EU-chT11 sf2 email 2017 [5]}) 14... Qxe6 15. Qh4 {[%emt 0:15:34] White is weak on the light squares} (15. Bxf6 $11 gxf6 16. Qxf6) 15... Rd7 {[%emt 0:07:34] Black is more active.} (15... Rd6 $17) 16. h3 {[%emt 0:09:40] [#] Repels Ng4. White does not recover from this.} (16. Bxf6 $11 {and White is okay.} gxf6 17. Rxf6) 16... Ne8 $1 $19 17. c3 (17. Rae1 $142) 17... Nc6 18. Qxh7 f6 19. Be3 g6 {[%emt 0:04:13] Inhibits Qf5.} 20. Qh4 g5 (20... f5 $142 {Strongly threatening ...f4.} 21. Bg5 Nd6) 21. Qh6 $2 (21. Qg4 {was the only chance.} Qxg4 22. hxg4) 21... g4 {[%emt 0:09:01] And now ...Rgg7 would win.} 22. Rad1 Rxd1 23. Rxd1 gxh3 ({Worse is} 23... Qxa2 24. Qh7 Qe6 25. Nc4 $19) 24. gxh3 (24. Qxh3 $142 Qxh3+ 25. gxh3) 24... Nd6 {[%emt 0:01:49][%cal Be8d6,Bd6e4,Be4g3][%mdl 32] White must now prevent ...Nf7.} (24... Qxa2 $2 {perishes.} 25. Qh7 Rg7 26. Qh5 $19) 25. Kh2 Nxe4 26. Nb5 $2 (26. Qh7 f5 27. Rd7 Qxd7 28. Qxg8+ Nd8 29. Bg5 Nxg5 30. Qxg5) 26... Qc4 {[%emt 0:02:24] ( -> ...Qe2+). Black is clearly winning.} (26... Qxa2 $2 27. Qh7 $18) 27. Qh5 {[%emt 0:00:37] Wards off Qe2+} Qxb5 28. Rg1 Qxb2+ 29. Kh1 Ng3+ {[%emt 0:04:31] Weighted Error Value: White=0.85/Black=0.17 (very precise)} 0-1

[Event "SixDays Budapest May IM 2023"]
[Site "Budapest"]
[Date "2023.05.28"]
[Round "2.4"]
[White "Ojas Kulkarni"]
[Black "Arvind Ramnath Iyer"]
[Result "1-0"]
[Annotator "TA"]
[ECO "A48"]
[WhiteElo "2230"]
[BlackElo "1883"]
[PlyCount "53"]
[EventDate "2023.05.25"]
[EventType "tourn"]
[EventCountry "HUN"]
[SourceTitle "playchess.com"]
[Source "ChessBase"]
[SourceQuality "1"]
[TimeControl "5400+30"]

1. d4 Nf6 2. Nf3 g6 3. Bf4 d6 4. e3 Bg7 5. h3 O-O 6. Be2 Nbd7 7. O-O b6 8. a4 {[%emt 0:00:08][%cal Ba2a4,Ba4a5][%mdl 32] A48: 1 d4 Nf6 2 Nf3 g6: Torre, London and Colle Systems.} a6 {[%emt 0:00:08] outshines the older 8...a5.} 9. a5 b5 10. c4 {[%emt 0:00:16] The position is equal.} bxc4 11. Bxc4 Bb7 12. Nc3 {[%emt 0:02:40] [#]} Nh5 $146 ({Predecessor:} 12... c5 13. d5 Qc7 14. e4 Rab8 15. Re1 Bc8 16. Qc2 Nh5 17. Bh2 Rb4 18. b3 Nhf6 {1-0 Anton Guijarro,D (2691)-Assaubayeva,B (2434) Chess.com Rapid Wk2 Swiss 2022 (3)}) 13. Bh2 e5 14. e4 {[%emt 0:01:22] White is more active.} (14. dxe5 $5 Bxf3 15. Qxf3 Bxe5 16. Bxe5 Nxe5 17. Qe2 $14) 14... exd4 15. Nxd4 Nc5 16. f3 (16. Bd5 {simplifies} Re8 17. Bxb7 Nxb7 18. Re1) 16... Qg5 {[%emt 0:05:17] White must now prevent ...Qe3+.} 17. Nde2 (17. Nce2 $14) 17... Bc8 ({Better is} 17... Nxe4 $1 $15 18. Nxe4 Bxe4 {[%mdl 64] Remove Defender}) 18. Kh1 $14 Rb8 19. Nd5 ({Much worse is} 19. f4 Qh4 $15) ({White should play} 19. Rb1 $1 $14) 19... Rxb2 $11 20. Rc1 {[%emt 0:10:34] [#]} (20. Rb1 $11 {remains equal.}) 20... Be6 $1 $17 ({Don't do} 20... Rd2 21. h4 Qh6 22. Qe1 Rxd5 23. exd5 $16 (23. Bxd5 Nd3 $11)) 21. Rc2 {[%emt 0:07:05] [#]} Rfb8 22. f4 (22. g4 $17) 22... Qd8 $2 ({Black should try} 22... Qh4 $19 23. e5 Ne4) 23. Rxb2 $15 Rxb2 24. f5 Bxd5 (24... gxf5 $15 {keeps the upper hand.} 25. exf5 Bxd5 26. Bxd5 Qg5) 25. Qxd5 $18 Qf6 (25... Qe8) 26. e5 Qe7 (26... dxe5 $142 27. Qxc5 Qd6 28. Qxd6 cxd6 29. fxg6 hxg6 30. Rxf7 Kh8) 27. fxg6 {[%emt 0:00:59] Weighted Error Value: White=0.37/Black=0.74} 1-0

[Event "SixDays Budapest May IM 2023"]
[Site "Budapest"]
[Date "2023.05.28"]
[Round "2.5"]
[White "Dudognon, Thibault"]
[Black "To, Nhat Minh"]
[Result "1/2-1/2"]
[Annotator "TA"]
[ECO "C07"]
[WhiteElo "2325"]
[BlackElo "2359"]
[PlyCount "44"]
[EventDate "2023.05.25"]
[EventType "tourn"]
[EventCountry "HUN"]
[SourceTitle "playchess.com"]
[Source "ChessBase"]
[SourceQuality "1"]
[TimeControl "5400+30"]

1. e4 e6 2. d4 d5 3. Nd2 c5 4. exd5 Qxd5 5. Ngf3 cxd4 6. Bc4 Qd6 7. O-O Nf6 8. Nb3 Nc6 9. Nbxd4 Nxd4 10. Qxd4 Qxd4 11. Nxd4 {[%emt 0:00:07] The position is equal.} Bc5 {[%emt 0:04:18] C07: French Tarrasch: 3...c5, 4 Ngf3 and 4 exd5 Qxd5.} 12. Nb3 Bb6 13. Be2 Bd7 14. Bf3 {[%emt 0:00:14] seems to push 14.a4 aside.} Rc8 15. c3 Bc6 16. Bxc6+ {[%emt 0:01:31] [#] An uneventful encounter.   Weighted Error Value: White=0.08 (flawless) /Black=0.00 (flawless)} {Predecessor:} Rxc6 $146 17. Bg5 Nd5 18. Rad1 f6 19. Bc1 Kf7 20. Nd4 Bxd4 21. Rxd4 b5 22. Rfd1 Rhc8 {0-1 Blanco Ronquillo,H (2442)-Grischuk,A (2745) Titled Tuesday intern op 26th Jul Late blitz 2022 (2)} 1/2-1/2

[Event "SixDays Budapest May IM 2023"]
[Site "Budapest"]
[Date "2023.05.28"]
[Round "3.1"]
[White "To, Nhat Minh"]
[Black "Szeberenyi, Adam"]
[Result "1/2-1/2"]
[Annotator "TA"]
[ECO "A01"]
[WhiteElo "2359"]
[BlackElo "2338"]
[PlyCount "30"]
[EventDate "2023.05.25"]
[EventType "tourn"]
[EventCountry "HUN"]
[SourceTitle "playchess.com"]
[Source "ChessBase"]
[SourceQuality "1"]
[TimeControl "5400+30"]

1. b3 e5 2. Bb2 Nc6 3. c4 Nf6 4. e3 d5 5. cxd5 Nxd5 6. a3 Bd6 {[%emt 0:00:19] The position is equal.} 7. d3 {is the new trend. A01: Nimzowitsch-Larsen Opening.} O-O 8. Nf3 Qe7 9. Nbd2 {[%emt 0:00:18] [#] Not much happened in this game.   Weighted Error Value: White=0.00 (flawless) /Black=0.04 (flawless) 9.Be2 is not played anymore.} {Predecessor:} f5 $146 10. b4 Kh8 11. Nc4 b5 12. Nxd6 cxd6 13. Be2 Bb7 14. O-O Nd8 15. Re1 Ne6 {1-0 Artemiev,V (2706)-Kramnik,V (2753) Krasnogorsk Crocus Rapid 2022 (7)} 1/2-1/2

[Event "SixDays Budapest May IM 2023"]
[Site "Budapest"]
[Date "2023.05.28"]
[Round "3.2"]
[White "Arvind Ramnath Iyer"]
[Black "Dudognon, Thibault"]
[Result "0-1"]
[Annotator "TA"]
[ECO "B56"]
[WhiteElo "1883"]
[BlackElo "2325"]
[PlyCount "102"]
[EventDate "2023.05.25"]
[EventType "tourn"]
[EventCountry "HUN"]
[SourceTitle "playchess.com"]
[Source "ChessBase"]
[SourceQuality "1"]
[TimeControl "5400+30"]

1. e4 c5 2. Nf3 d6 3. d4 cxd4 4. Nxd4 Nf6 5. Nc3 Bd7 6. Be2 e5 {[%emt 0:00:10] B56: Classical Sicilian: Unusual Lines.} 7. Nf3 Bc6 8. Bg5 Nbd7 {[%emt 0:00:57] [#] The position is equal.} 9. Nd5 $146 {[%emt 0:05:26] Inhibits Qb6.} ({Predecessor:} 9. O-O Be7 10. Bxf6 Nxf6 11. Nd2 O-O 12. Bf3 b5 13. a3 a5 14. Ne2 d5 15. exd5 Bxd5 {1-0 Lintchevski,D (2553)-Dragicevic,D (2300) EU-ch blitz Tallinn 2019 (9)}) 9... Bxd5 10. exd5 Qa5+ 11. c3 Qxd5 12. Qa4 Qc6 13. Bb5 Qe4+ 14. Kf1 {[%emt 0:00:16] [#] Bxd7+ would be deadly.} Qxa4 15. Bxa4 Be7 16. Rd1 Kf8 17. Bxf6 Nxf6 18. Bb3 h6 19. Ke2 g6 20. Rd2 Kg7 21. Rhd1 Rhd8 22. Ne1 Ne8 23. Nc2 a6 24. Nb4 Bg5 25. Rd3 e4 26. Rd4 f5 27. Nd5 b5 28. a4 Bf6 29. R4d2 Rdb8 30. axb5 axb5 31. Nb4 Rc8 32. Bd5 {[%emt 0:00:50] Hoping for Bb7.} Ra7 {[%emt 0:01:39] Against Bb7} 33. Bc6 Be5 34. Bxe8 Rxe8 35. Nc6 Ra2 36. Nxe5 Rxe5 $11 {[%emt 0:00:21][%mdl 4096] Endgame KRR-KRR} 37. Ke3 {[%emt 0:02:36] [#]} (37. b4 $5 Rxd2+ 38. Rxd2 $11) 37... d5 $1 38. Kd4 (38. Rxd5 Rxd5) 38... Kf6 39. Kc5 (39. g3 $15) 39... f4 $17 40. Rxd5 $2 {[%emt 0:03:34][%mdl 8192] Now White is beyond hope.} (40. Kb4 $17) 40... Rxb2 $19 41. Rxe5 Kxe5 $17 {[%emt 0:00:06] KR-KR} 42. Rd5+ Ke6 43. Rd6+ Kf7 44. Rd7+ Kf8 45. Rd8+ (45. g3 $142 f3 46. Rd4) 45... Ke7 $19 {[%emt 0:01:10] Black is clearly winning.} 46. Rd4 Rxf2 {[%emt 0:00:43] ...e3 is the strong threat.} 47. Rxe4+ Kf6 48. g3 fxg3 ({Worse is} 48... Rxh2 49. Rxf4+ Ke5 50. Kxb5 $15) 49. hxg3 Rf3 50. g4 Rxc3+ 51. Kxb5 Kg5 {[%emt 0:00:15] Weighted Error Value: White=0.51/Black=0.11 (very precise)} 0-1

[Event "SixDays Budapest May IM 2023"]
[Site "Budapest"]
[Date "2023.05.28"]
[Round "3.3"]
[White "Semprun Martinez, Fernando"]
[Black "Ojas Kulkarni"]
[Result "1/2-1/2"]
[Annotator "TA"]
[ECO "A61"]
[WhiteElo "2125"]
[BlackElo "2230"]
[PlyCount "36"]
[EventDate "2023.05.25"]
[EventType "tourn"]
[EventCountry "HUN"]
[SourceTitle "playchess.com"]
[Source "ChessBase"]
[SourceQuality "1"]
[TimeControl "5400+30"]

1. d4 {[%emt 0:00:32] Krasenkow,Michal} Nf6 2. c4 e6 3. Nf3 c5 4. d5 d6 5. Nc3 exd5 6. cxd5 g6 7. e4 Bg7 8. h3 O-O 9. Bd3 Nbd7 10. O-O Nh5 {[%emt 0:00:16] has lost popularity (10...Re8).} 11. g4 {[%emt 0:02:16] A70: Modern Benoni: 6 e4 g6 7 Nf3.} Nhf6 12. Bf4 Ne8 ({Black should play} 12... h5 $11) 13. Qd2 $14 {[%emt 0:02:33] White is slightly better.} a6 14. a4 {[%emt 0:00:54] [#] White has more active pieces. The black rooks are badly placed.} Ne5 $146 ({Predecessor:} 14... h5 15. gxh5 Ne5 16. Nxe5 dxe5 17. Bg5 f6 18. Be3 c4 19. Bxc4 Nd6 20. Qe2 f5 {0-1 Keymer,V (2516)-Vallejo Pons,F (2693) Grenke Chess Classic 6th 2019 (9)}) 15. Nxe5 dxe5 16. Be3 Qh4 17. f3 ({Reject} 17. Bxc5 $6 Bxg4 18. hxg4 (18. Bxf8 Bxh3 19. Qe3 Bxf8 $17) 18... Qxg4+ 19. Kh2 Qh4+ 20. Kg2 Qg4+ 21. Kh2 Qh4+ 22. Kg2 Qg4+ 23. Kh2 $11) 17... f5 (17... Qxh3 $16 {might work better.} 18. Bxc5 f5) 18. Qg2 (18. Bxc5 $18 Qxh3 19. exf5) 18... Qe7 {[%emt 0:05:07] Weighted Error Value: White=0.17 (very precise) /Black=0.33} 1/2-1/2